cohdb
Replays
Latest Replays
All Replays
Popular Replays
Top Player Replays
Match Explorer
How It Works
Community
CoH3 Stats
Reddit
Sign in to upload your games and track your stats! →
Sign in with Steam
Match 43689828
Unlisted
Match 43689828
Overview
Messages
Build Orders
End
Selects Italian Combined Arms Battlegroup
Selects Italian Combined Arms Battlegroup
Selects Bersaglieri Squad
Bersaglieri Squad
Kradschützen Motorcycle Team
Bersaglieri Squad
Bersaglieri Squad
Construct Light Support Kompanie
Fire Support Elements
Selects Vehicle Support - Secure Location
Flakvierling Half-track
Selects Breda Model 30 Light Machine Guns
Panzerjäger Mechanized Group
Vehicle Survival Package
Veteran Squad Leaders
Construct Panzerarmee Kommand
Selects Semovente da 75/18 Assault Gun
Armored Reserves
Emergency Repair Kits
Selects Strafing Run
Panzer IV Assault Group
Rapid Advance
Selects Artillery Cover
Artillery Cover
Farlion
Monsieur Nathan
STALKER4732
Devochkin
0
0
Comments
sign in to comment!
No comments posted yet!